 Dungeon Crawl Stone Soup version 0.26-a0-1132-ge9770dfcb6 (webtiles) character file.

Game seed: 1225308730030675608

2088 stormannn the Chiller (level 9, -3/62 HPs)
             Began as a Black Draconian Ice Elementalist on Dec 20, 2020.
             Was a Follower of Vehumet.
             Shot with an arrow by a centaur (12 damage)
             ... on level 8 of the Dungeon on Dec 25, 2020.
             The game lasted 00:30:01 (9437 turns).

stormannn the Chiller (DrIE)                        Turns: 9437, Time: 00:30:04

Health: -3/62      AC:  9    Str: 10    XL:     9   Next: 6%
Magic:  4/16       EV: 14    Int: 19    God:    Vehumet [*.....]
Gold:   459        SH:  5    Dex: 12    Spells: 6/17 levels left

rFire    . . .     SeeInvis .   y - +1 dagger (elec)
rCold    . . .     Faith    .   (no shield)
rNeg     . . .     Spirit   .   (armour unavailable)
rPois    +         Reflect  +   D - +0 hat
rElec    +         Harm     .   (no cloak)
rCorr    .         Rampage  .   x - +0 pair of gloves
Will     .....                  r - +0 pair of boots
Stlth    ++........             g - amulet of reflection
HPRegen  0.20/turn              m - ring of poison resistance
MPRegen  0.15/turn              (no ring)

@: about to teleport
A: breathe lightning, unfitting armour, electricity resistance, cold-blooded, AC
+7
a: Breathe Lightning, Renounce Religion


You were on level 8 of the Dungeon.
You worshipped Vehumet.
Vehumet was aware of your devotion.
You visited 2 branches of the dungeon, and saw 9 of its levels.

You collected 459 gold pieces.

Inventory:

Hand Weapons
 s - a +3 flail of draining
 y - a +1 dagger of electrocution (weapon)
Armour
 p - a +2 kite shield
 r - a +0 pair of boots (worn)
 x - a +0 pair of gloves (worn)
 D - a +0 hat (worn)
Jewellery
 g - an amulet of reflection (around neck)
 m - a ring of poison resistance (left hand)
Wands
 o - a wand of iceblast (9)
 z - a wand of digging (6)
 A - a wand of disintegration (10)
 E - a wand of acid (5)
 F - a wand of random effects (25)
Scrolls
 b - a scroll of immolation {unknown}
 c - 2 scrolls of remove curse
 e - 2 scrolls of teleportation
 i - 9 scrolls of identify
 j - 2 scrolls of magic mapping {unknown}
 l - a scroll of blinking {unknown}
 n - 3 scrolls of enchant armour {unknown}
 t - 2 scrolls of amnesia {unknown}
 u - a scroll of brand weapon {unknown}
 B - a scroll of fog {unknown}
 C - a scroll of enchant weapon {unknown}
 G - a scroll of noise {unknown}
Potions
 a - 3 potions of invisibility {unknown}
 d - 2 potions of brilliance {unknown}
 f - a potion of magic {unknown}
 h - a potion of flight {unknown}
 k - 2 potions of curing {unknown}
 q - 2 potions of lignification {unknown}
 v - a potion of degeneration {unknown}
 w - a potion of ambrosia {unknown}


   Skills:
 + Level 4.6 Dodging
 - Level 2.2 Stealth
 * Level 5.9 Shields
 + Level 4.7 Spellcasting
 + Level 4.1 Conjurations
 + Level 7.3 Ice Magic


You had 6 spell levels left.
You knew the following spells:

 Your Spells              Type           Power        Failure   Level
a - Freeze                Ice            100%         1%          1
b - Frozen Ramparts       Ice            64%          1%          3
c - Ozocubu's Armour      Ice            32%          1%          3
d - Hailstorm             Conj/Ice       26%          12%         4

Your spell library contained the following spells:

 Spells                   Type           Power        Failure   Level
 Shock                    Conj/Air       48%          5%          1
 Summon Ice Beast         Ice/Summ       18%          28%         4


Dungeon Overview and Level Annotations

Branches:
Dungeon (8/15)             Temple (1/1) D:6
   Lair: D:8-11

Altars:
Ashenzari
Cheibriados
Dithmenos
Elyvilon
Fedhas
Gozag
Hepliaklqana
Kikubaaqudgha
Makhleb
Nemelex Xobeh
Okawaru
Qazlal
Ru
Sif Muna
Trog
Uskayaw
Vehumet
Wu Jian
Xom
Yredelemnul
Zin

Portals:
Abyss: D:7

Annotations:
D:7 2 transporters, ringo67's ghost, novice TeHu


Innate Abilities, Weirdness & Mutations

You can breathe wild blasts of lightning.
Your glossy black scales are hard. (AC +7)
You cannot fit into any form of body armour.
You are resistant to electric shocks. (rElec)
You are cold-blooded and may be slowed by cold attacks.


Message History

Your magical contamination has completely faded away.
As you read the scroll of teleportation, it crumbles to dust.
You feel strangely unstable.
An orc comes into view. It is wielding a +0 hand axe.
Casting: Freeze (safe; 1% risk of failure)
Confirm with . or Enter, or press ? or * to list all spells.
Casting: Hailstorm (dangerous; 12% risk of failure)
Press: ? - help, Dir - look around, f - activate A cannonade of hail descends around you!
The hail pelts the centaur!
The centaur is severely wounded.
The hail pelts the orc priest.
The orc priest is moderately wounded.
The orc wizard shouts!
You hear a shout!
The centaur wields a +0 shortbow.
The centaur shoots an arrow.
The arrow hits you.
* * * LOW HITPOINT WARNING * * *
An orc comes into view. It is wielding a +0 short sword.
The centaur shoots an arrow.
The arrow hits you!
You die... . . #.#... o...# # ... ...... .... ##..!##. ....#. #o.. ...>.... ......# o.o

#.......
.......#.. #
#.....
.......o.
##......
........####
O.......
#.@...#
.Z......
##..#.....
......#.
##c# ...
......# .. .
.....## ...
........
###.
...##... ..
..## ... .#
... ..


You could see a centaur, an orc priest, an orc wizard and 3 orcs.

Vanquished Creatures
  Sigmund (D:2)
  Edmund (D:4)
  A water moccasin (D:7)
  Duvessa (D:6)
  A phantom (D:7)
  A black bear (D:6)
  3 ogres
  A centaur (D:4)
  Dowan (D:6)
  A wyvern skeleton (D:6)
  5 killer bees (D:7)
  2 centaur zombies
  A bullfrog skeleton (D:6)
  A hound (D:7)
  4 orc wizards
  2 jellies
  3 orc priests
  2 iguanas
  4 worker ants
  A worker ant zombie (D:7)
  10 adders
  A howler monkey skeleton (D:5)
  3 white imps
  2 ufetubi
  An ooze (D:3)
  An adder skeleton (D:6)
  An adder zombie (D:5)
  4 worms
  A dart slug (D:1)
  4 leopard geckos
  17 orcs
  6 bats
  3 giant cockroaches
  4 goblins (D:1)
  7 hobgoblins
  8 jackals
  3 kobolds
  5 quokkas
  A ball python (D:1)
  3 frilled lizards
  2 leopard gecko skeletons
  4 rats
128 creatures vanquished.

Notes
Turn   | Place    | Note
-------+----------+-------------------------------------------
     0 | D:1      | stormannn the Draconian Ice Elementalist began the quest
                  | for the Orb.
     0 | D:1      | Reached XP level 1. HP: 14/14 MP: 3/3
   245 | D:1      | Reached XP level 2. HP: 20/20 MP: 1/5
  1049 | D:1      | Reached XP level 3. HP: 10/26 MP: 0/6
  1697 | D:2      | Noticed Sigmund
  2273 | D:2      | Killed Sigmund
  2274 | D:2      | Reached skill level 5 in Ice Magic
  2274 | D:2      | Reached XP level 4. HP: 23/33 MP: 0/9
  2274 | D:2      | Reached XP level 5. HP: 26/38 MP: 0/10
  2616 | D:2      | Found a blossoming altar of Fedhas.
  2624 | D:2      | Found a shadowy altar of Dithmenos.
  3253 | D:3      | Learned a level 3 spell: Frozen Ramparts
  3450 | D:3      | Noticed an ogre
  3475 | D:3      | Killed an ogre
  3476 | D:3      | Reached XP level 6. HP: 45/45 MP: 6/11
  3958 | D:4      | Noticed Edmund
  3977 | D:4      | Killed Edmund
  3978 | D:4      | Reached skill level 1 in Shields
  3978 | D:4      | Reached skill level 1 in Conjurations
  3978 | D:4      | Reached skill level 6 in Ice Magic
  4288 | D:4      | Found a shimmering altar of Xom.
  4288 | D:4      | Found a hazy altar of Hepliaklqana.
  4289 | D:4      | Found a sacrificial altar of Ru.
  4381 | D:4      | Your scales start taking on a glossy black colour.
  4381 | D:4      | Reached XP level 7. HP: 28/50 MP: 5/12
  4381 | D:4      | Gained mutation: You are resistant to electric shocks.
                  | (rElec) [Black Draconian growth]
  5216 | D:5      | Entered Level 5 of the Dungeon
  6179 | D:6      | Noticed Duvessa
  6188 | D:6      | Noticed Dowan
  6638 | D:6      | Found a staircase to the Ecumenical Temple.
  6687 | Temple   | Entered the Ecumenical Temple
  6843 | Temple   | Became a worshipper of Vehumet
  7058 | D:6      | Killed Duvessa
  7079 | D:6      | Killed Dowan
  7080 | D:6      | Reached XP level 8. HP: 43/57 MP: 3/13
  7624 | D:6      | Learned a level 3 spell: Ozocubu's Armour
  7629 | D:6      | Learned a level 4 spell: Hailstorm
  7989 | D:7      | Found a transporter.
  8010 | D:7      | Reached skill level 5 in Shields
  8011 | D:7      | Reached skill level 7 in Ice Magic
  8116 | D:7      | Reached * piety under Vehumet
  8116 | D:7      | Offered knowledge of Shock by Vehumet.
  8401 | D:7      | Found an opulent altar of Gozag.
  8484 | D:7      | Found a one-way gate to the infinite horrors of the Abyss.
  8484 | D:7      | Noticed ringo67's ghost (novice TeHu)
  8488 | D:7      | Found a transporter.
  8609 | D:7      | Reached XP level 9. HP: 34/62 MP: 13/16
  9300 | D:8      | Noticed a two-headed ogre
  9418 | D:8      | Noticed a two-headed ogre
  9437 | D:8      | Shot with an arrow by a centaur

Illustrated notes

Levels and vault maps discovered:
D:1:      wander_arrival_desolate, layout_basic, grunt_decor_mini_mirrors,
          minmay_close_crescents
D:2:      layout_rooms, grunt_dithmenos_smoke, fedhas_altar_1, uniq_sigmund
D:3:      layout_basic, serial_rivers, chequers_serial_rivers_small_b,
          chequers_serial_rivers_small_b, chequers_serial_rivers_micro_c,
          chequers_serial_rivers_small_3
D:4:      layout_basic, gammafunk_temple_overflow_claw, uniq_edmund
D:5:      minmay_spotlight, layout_rooms
D:6:      layout_basic, minmay_temple_entry_glassed_door, serial_corexii_hall,
          corexii_hall_statues_x, chequers_hall_statues_corner_a,
          chequers_hall_statues_y, chequers_hall_statues_y,
          corexii_hall_statues_i, chequers_hall_statues_wall_a,
          minmay_hedge_maze, kennysheep_path_1, uniq_crazy_yiuf_cottage,
          uniq_duvessa
D:7:      layout_loops_ring, kennysheep_mini_moat,
          gammafunk_ghost_abyssal_escape
D:8:      layout_cave_pools, nicolae_ashenzari_panopticon
Temple:   eino_temple_rhombus

Skill      XL: |  1  2  3  4  5  6  7  8 |
---------------+-------------------------+-----
Dodging        | 2 3 4 |  4.6
Spellcasting   | 3 4 |  4.7
Ice Magic      | 5 6 7 |  7.3
Stealth        | 2 |  2.2
Shields        | 2 4 5 |  5.9
Conjurations   | 1 2 4 |  4.1

Action                   |  1- 3 |  4- 6 |  7- 9 || total
-------------------------+-------+-------+-------++-------
Melee: Unarmed           |     7 |     7 |       ||    14
       Tailslap          |     2 |     2 |    15 ||    19
       Flail             |       |    23 |    48 ||    71
       Dagger            |       |       |    90 ||    90
 Cast: Freeze            |    40 |    54 |    43 ||   137
       Frozen Ramparts   |       |     5 |    14 ||    19
       Ozocubu's Armour  |       |       |     2 ||     2
       Hailstorm         |       |       |     1 ||     1
 Abil: Breathe Lightning |       |       |     1 ||     1
  Use: Scroll            |       |       |     5 ||     5
 Stab: Sleeping          |       |     2 |     5 ||     7
Armor: Skin              |     9 |    17 |    50 ||    76
Dodge: Dodged            |    32 |    43 |    86 ||   161
Block: Other             |       |    13 |    50 ||    63
       Reflection        |       |     2 |     2 ||     4
       Kite shield       |       |       |     2 ||     2

Table legend: (Time is in decaauts)
 A = Elapsed time spent in this place.
 B = Non-inter-level travel time spent in this place.
 C = Inter-level travel time spent in this place.
 D = Time resting spent in this place.
 E = Time spent auto-exploring this place.
 F = Levels seen in this place.
 G = Mean time per level.
                   A        B        C        D        E       F      G
               +--------+--------+--------+--------+--------+-----+--------+
         Total |   9476 |   9352 |    124 |   3510 |   4621 |   9 | 1052.9 |
       Dungeon |   9314 |   9195 |    119 |   3510 |   4481 |   8 | 1164.2 |
        Temple |    162 |    157 |      5 |      0 |    140 |   1 |  162.0 |
               +--------+--------+--------+--------+--------+-----+--------+

Top non-repeatable levels by time:
     D:1: 2224 daAuts
     D:6: 1423 daAuts
     D:7: 1375 daAuts
     D:4: 1260 daAuts
     D:5: 1196 daAuts
     D:3: 927 daAuts
     D:2: 824 daAuts
  Temple: 162 daAuts
     D:8: 81 daAuts
